 Dungeon Crawl Stone Soup version 0.22-a0-353-g2d6336e (webtiles) character file.

151 Amnesiac the Digger (level 5, 0/38 HPs)
             Began as a Mummy Earth Elementalist on Apr 15, 2018.
             Was an Initiate of Gozag.
             Slain by Robin
             ... wielding a +0 short sword
              (6 damage)
             ... on level 3 of the Dungeon.
             The game lasted 00:06:03 (3067 turns).

Amnesiac the Digger (Mummy Earth Elementalist)      Turns: 3067, Time: 00:06:04

Health: 0/38       AC:  2    Str: 11    XL:     5   Next: 11%
Magic:  2/9        EV: 13    Int: 16    God:    Gozag
Gold:   157        SH:  0    Dex: 12    Spells: 4/10 levels left

rFire    x . .     SeeInvis .   e - +0 dagger
rCold    + . .     Gourm    .   (no shield)
rNeg     + + +     Faith    .   c - +0 robe
rPois    ∞         Spirit   .   (no helmet)
rElec    .         Reflect  .   (no cloak)
rCorr    .         Harm     .   (no gloves)
MR       .....                  (no boots)
Stlth    ++........             h - amulet of magic regeneration
HPRegen  0.12/turn              (no ring)
MPRegen  0.36/turn              (no ring)

@: gold aura
A: no food or potions, fire vulnerability, cold resistance 1, negative energy
resistance 3, torment resistance, unbreathing
a: Potion Petition, Call Merchant, Bribe Branch, Renounce Religion


You were on level 3 of the Dungeon.
You worshipped Gozag.
Gozag was aware of your devotion.
You were not hungry.

You visited 1 branch of the dungeon, and saw 3 of its levels.

You collected 184 gold pieces.
You paid 27 gold pieces to Gozag.

Inventory:

Hand Weapons
 e - a +0 dagger (weapon)
Missiles
 a - 31 stones (quivered)
 i - 12 poisoned needles
Armour
 c - a +0 robe (worn)
 k - a +0 buckler
Jewellery
 h - an amulet of magic regeneration (around neck)
Scrolls
 b - 2 scrolls of identify {!r}


   Skills:
 - Level 1.7 Fighting
 - Level 3.0 Dodging
 - Level 1.5 Stealth
 + Level 1.4 Shields
 - Level 3.0 Spellcasting
 - Level 0.7 Transmutations
 - Level 3.0 Earth Magic


You had 4 spell levels left.
You knew the following spells:

 Your Spells              Type           Power        Failure   Level  Hunger
a - Sandblast             Erth           ##....       5%          1    N/A
b - Passwall              Tmut/Erth      #.........   13%         2    N/A
c - Stone Arrow           Conj/Erth      #.....       30%         3    N/A

Dungeon Overview and Level Annotations

Branches:
Dungeon (3/15)

Altars:
Gozag
Qazlal
Trog
Xom
Zin

Annotations:
D:2 Terence
D:3 Robin


Innate Abilities, Weirdness & Mutations

You do not eat or drink.
Your flesh is vulnerable to fire.
You are immune to poison.
Your flesh is cold resistant. (rC+)
You are immune to negative energy. (rN+++)
You are immune to unholy pain and torment.
You can survive without breathing.


Message History

The blast of sand hits Robin.
Robin is moderately wounded.
a - 37 stones Robin misses you.
Casting: Sandblast (safe; 5% risk of failure)
Confirm with . or Enter, or press ? or * to list all spells.
Aiming: Sandblast (safe; 5% risk of failure)
Press: ? - help, Shift-Dir - straight line, f/p - Robin
Aim: Robin, wielding a short sword, wearing an animal skin and wearing a helmet (moderately wounded)
The blast of sand hits Robin.
Robin is moderately wounded.
a - 36 stones Robin throws the goblin at you!
Casting: Sandblast (safe; 5% risk of failure)
Confirm with . or Enter, or press ? or * to list all spells.
Aiming: Sandblast (safe; 5% risk of failure)
Press: ? - help, Shift-Dir - straight line, f/p - Robin
Aim: Robin, wielding a short sword, wearing an animal skin and wearing a helmet (moderately wounded)
The blast of sand hits Robin.
Robin is moderately wounded.
a - 35 stones The goblin misses you.
Robin hits you with a short sword.
Casting: Sandblast (safe; 5% risk of failure)
Confirm with . or Enter, or press ? or * to list all spells.
Aiming: Sandblast (safe; 5% risk of failure)
Press: ? - help, Shift-Dir - straight line, f/p - Robin
Aim: Robin, wielding a short sword, wearing an animal skin and wearing a helmet (moderately wounded)
The blast of sand hits Robin.
Robin is heavily wounded.
a - 34 stones The goblin misses you.
Robin hits you with a short sword.
* * * LOW HITPOINT WARNING * * *
Casting: Sandblast (safe; 5% risk of failure)
Confirm with . or Enter, or press ? or * to list all spells.
Aiming: Sandblast (safe; 5% risk of failure)
Press: ? - help, Shift-Dir - straight line, f/p - Robin
Aim: Robin, wielding a short sword, wearing an animal skin and wearing a helmet (heavily wounded)
The blast of sand misses Robin.
a - 33 stones The goblin hits you with a club.
* * * LOW HITPOINT WARNING * * *
Robin hits you with a short sword.
* * * LOW HITPOINT WARNING * * *
Casting: Sandblast (safe; 5% risk of failure)
Confirm with . or Enter, or press ? or * to list all spells.
Aiming: Sandblast (safe; 5% risk of failure)
Press: ? - help, Shift-Dir - straight line, f/p - Robin
Aim: Robin, wielding a short sword, wearing an animal skin and wearing a helmet (heavily wounded)
The blast of sand hits Robin.
Robin is severely wounded.
a - 32 stones The goblin barely misses you.
Robin hits you with a short sword.
* * * LOW HITPOINT WARNING * * *
Casting: Sandblast (safe; 5% risk of failure)
Confirm with . or Enter, or press ? or * to list all spells.
Aiming: Sandblast (safe; 5% risk of failure)
Press: ? - help, Shift-Dir - straight line, f/p - Robin
Aim: Robin, wielding a short sword, wearing an animal skin and wearing a helmet (severely wounded)
The blast of sand hits Robin.
Robin is almost dead.
a - 31 stones Robin hits you with a short sword.
You die...
Your body crumbles into a pile of gold.

... ###.# ### !. # ##
#.##### # #w# .# ##.###
#...... ..####..
####..##...#.# #######
...w.#..... ....##.#
####..###..####...#.#
.......#........##.#
..####...# #..g#.# #####
##.## #..##@#########
#....
###wS.######.#g)).)...#
#.###
####.##r##.#############.#
#.# #..#.§§§§§.#..# #.#
#.# ....#.§8§§#.... #.#
#.# ..#..#.§.#..#.. #.#
#.# ...#...8...#... #.#
#.# ###.##...##.### #.#
#.# ##.#.##.## .# #.#
#.###


You could see Robin and a goblin.

Vanquished Creatures
  A gnoll (D:1)
  5 adders
  2 oozes
  2 worms (D:2)
  A dart slug (D:1)
  3 leopard geckos
  A ball python (D:1)
  4 giant cockroaches
  10 goblins
  9 hobgoblins
  8 jackals (D:1)
  8 bats
  10 frilled lizards
  4 kobolds
  6 rats
74 creatures vanquished.

Vanquished Creatures (others)
  A frilled lizard (D:2)
1 creature vanquished.

Grand Total: 75 creatures vanquished

Notes
Turn   | Place    | Note
-------+----------+-------------------------------------------
     0 | D:1      | Amnesiac the Mummy Earth Elementalist began the quest for the Orb.
     0 | D:1      | Reached XP level 1. HP: 13/13 MP: 4/4
   431 | D:1      | Reached XP level 2. HP: 19/19 MP: 2/5
   786 | D:1      | Reached XP level 3. HP: 21/25 MP: 3/7
  1025 | D:1      | Reached skill level 1 in Fighting
  1610 | D:2      | Noticed Terence
  1659 | D:2      | Reached XP level 4. HP: 24/32 MP: 8/8
  1679 | D:2      | Found a shimmering altar of Xom.
  1680 | D:2      | Noticed an angel
  1681 | D:2      | Found a glowing silver altar of Zin.
  2124 | D:3      | Found an opulent altar of Gozag.
  2124 | D:3      | Found a stormy altar of Qazlal.
  2125 | D:3      | Found a bloodstained altar of Trog.
  2131 | D:3      | Became a worshipper of Gozag Ym Sagoz the Greedy
  2433 | D:2      | Learned a level 2 spell: Passwall
  2437 | D:2      | Learned a level 3 spell: Stone Arrow
  2797 | D:3      | Reached skill level 1 in Shields
  3000 | D:3      | Reached XP level 5. HP: 31/38 MP: 6/9
  3056 | D:3      | Noticed Robin
  3067 | D:3      | Slain by Robin

Vault maps used:
D:1:      dpeg_arrival_round_c
D:2:      grunt_temple_overflow_order_and_chaos_1, uniq_terence
D:3:      wad_crossroads, gammafunk_temple_overflow_claw, serial_bayou,
          serial_bayou_shore_b, serial_bayou_pond_c, serial_bayou_shore_b,
          serial_bayou_lake_a, uniq_robin

Skill      XL: |  1  2  3  4 |
---------------+-------------+-----
Earth Magic    | 3 |  3.0
Spellcasting   | 3 |  3.0
Dodging        | 2 3 |  3.0
Fighting       | 1 |  1.7
Shields        | 1 |  1.4
Stealth        | |  1.5
Transmutations | |  0.7

Action                   |  1- 3 |  4- 6 || total
-------------------------+-------+-------++-------
Melee: Club              |    17 |       ||    17
       Dagger            |    36 |    61 ||    97
 Cast: Sandblast         |    67 |    46 ||   113
       Stone Arrow       |       |     3 ||     3
  Use: Scroll            |       |     6 ||     6
 Stab: Sleeping          |     1 |     1 ||     2
Armor: Robe              |    20 |    10 ||    30
Dodge: Dodged            |    72 |    78 ||   150

Table legend:
 A = Spawn XP
 B = Non-spawn XP
 C = Spawn XP percentage of total XP
 D = Spawn monster count
 E = Non-spawn monster count
 F = Spawn count percentage of total count
 G = Total turns spent on level
                    A         B        C        D         E        F      G
               +---------+---------+-------+---------+---------+-------+---------
         Total |       0 |     217 |   0.0 |       0 |      74 |   0.0 |  3067
               +---------+---------+-------+---------+---------+-------+---------
           D:1 |       0 |      80 |   0.0 |       0 |      35 |   0.0 |  1385
           D:2 |       0 |      82 |   0.0 |       0 |      21 |   0.0 |  1013
           D:3 |       0 |      55 |   0.0 |       0 |      18 |   0.0 |   669
               +---------+---------+-------+---------+---------+-------+---------
